 Dungeon Crawl Stone Soup version 0.26.1-11-gd32895ea62 (webtiles) character file.

Game seed: 5494004892565537712

10741 Araneus the Brawler (level 11, -3/100 HPs)
             Began as a Troll Monk on June 14, 2021.
             Slain by a two-headed ogre
             ... wielding a +0 giant club
              (9 damage)
             ... on level 11 of the Dungeon.
             The game lasted 00:38:14 (9009 turns).

Araneus the Brawler (Troll Monk)                    Turns: 9009, Time: 00:38:15

Health: -3/100     AC: 14    Str: 20    XL:     11   Next: 40%
Magic:  10/10      EV: 13    Int:  5    God:
Gold:   437        SH:  0    Dex: 16    Spells: 10/10 levels left

rFire    . . .     SeeInvis .     - Unarmed
rCold    . . .     Faith    .   (no shield)
rNeg     + . .     Spirit   .   A - +3 troll leather armour
rPois    +         Reflect  .   (helmet restricted)
rElec    .         Harm     .   y - +2 ratskin cloak {*Rats rPois rN+ Str-1 Int-1 Dex+1}
rCorr    .         Rampage  .   (gloves unavailable)
Will     .....                  (boots unavailable)
Stlth    ++........             (no amulet)
HPRegen  1.06/turn              (no ring)
MPRegen  0.12/turn              (no ring)

@: no status effects
A: large, unfitting armour, claws 3, regeneration 1, shaggy fur 1, tough skin 3
a: no special abilities


You were on level 11 of the Dungeon.
You visited 4 branches of the dungeon, and saw 14 of its levels.

You collected 647 gold pieces.
You spent 210 gold pieces at shops.

Inventory:

Armour
 y - the +2 ratskin cloak (worn) {*Rats rPois rN+ Str-1 Int-1 Dex+1}
   (You found it on level 8 of the Dungeon)

   It affects your strength (-1).
   It affects your intelligence (-1).
   It affects your dexterity (+1).
   It protects you from poison.
   It protects you from negative energy.
 A - a +3 troll leather armour (worn)
Jewellery
 e - an uncursed ring of ice
Wands
 t - a wand of paralysis (5)
 x - a wand of digging (2)
Scrolls
 c - 8 scrolls of identify
 h - 4 scrolls of remove curse
 p - 4 scrolls of teleportation
 s - a scroll of magic mapping
 w - a scroll of enchant weapon
 z - a scroll of fog
Potions
 a - a potion of haste
 b - 6 potions of lignification
 f - 6 potions of flight
 j - 2 potions of brilliance
 k - 2 potions of curing
 m - 3 potions of mutation
 o - 3 potions of attraction


   Skills:
 * Level 4.2 Fighting
 + Level 3.6 Armour
 + Level 6.1 Dodging
 - Level 1.0 Stealth
 + Level 15.1 Unarmed Combat


You had 10 spell levels left.
You didn't know any spells.
Your spell library was empty.

Dungeon Overview and Level Annotations

Branches:
Dungeon (11/15)            Temple (1/1) D:6            Lair (1/6) D:9
    Orc (1/2) D:10

Altars:
Ashenzari
Cheibriados
Dithmenos
Elyvilon
Fedhas
Gozag
Hepliaklqana
Kikubaaqudgha
Makhleb
Nemelex Xobeh
Okawaru
Qazlal
Ru
Sif Muna
Trog
Uskayaw
Vehumet
Wu Jian
Xom
Yredelemnul
Zin
The Shining One

Shops:
D:4 ?   D:10 ?


Innate Abilities, Weirdness & Mutations

You are too large for most types of armour.
You have claws for hands.
Your natural rate of healing is unusually fast.
You are covered in fur. (AC +1)
You have extremely tough skin. (AC +3)


Message History

Found 29 gold pieces and a blackened moonstone ring.
The wyvern hisses angrily.
You mangle the two-headed ogre!!
The two-headed ogre is moderately wounded.
The two-headed ogre hits you with a +0 giant club!
* * * LOW HITPOINT WARNING * * *
The two-headed ogre hits you with a +0 giant club.
* * * LOW HITPOINT WARNING * * *
A river rat scurries out from under your cloak.
The orc warrior throws a boomerang.
The boomerang closely misses you.
The weapon returns to the orc warrior!
You claw the two-headed ogre!
The two-headed ogre is severely wounded.
A wyvern comes into view.
An orc comes into view. It is wielding a +0 dagger.
The orc warrior throws a boomerang.
The boomerang hits you but does no damage.
The weapon returns to the orc warrior!
The two-headed ogre misses you.
The two-headed ogre hits you with a +0 giant club!
You die...

#..........,,,,,,,,,,,,,,,,,,,,,,
##.........,,,..$.o....,,,,,,,,,*
###....###,,,...o....,l,,****,**
*#...# **,,#......,..,,,,**,*
*...#* **##.....#...,,*,,,,**
*...[* #..........,,,,*,,,*
**,,** ###..........,,,,,,,**
*,,****#.....$......,**,,*,,,
**,,,,,*#...@O......,**,,*,,,
****,,,,#...r.l......,,**,****
**,*,,,#...##.=.#..#..,***,***,
*,,,,,,...,,.##.#,.#,,,,**,,***
*,,**<,.,,,..*,.#,,#*,,**,,,,>*
*****,,,,*...*,..,,,,,***,,,,,,
*****#..,*,..,,,*****,,,,,,
#..**,.#.*,,,,,,,*,,,,
********,*,,,,,,******


You could see a two-headed ogre, an orc warrior, 2 wyverns, an orc and a
friendly river rat.

Vanquished Creatures
  Harold (D:8)
  A black mamba (Lair:1)
  2 cane toads (Lair:1)
  A kobold demonologist (D:10)
  2 komodo dragons (Lair:1)
  A troll (D:9)
  5 blink frogs (Lair:1)
  4 wyverns (D:9)
  A vampire (D:10)
  A basilisk (D:9)
  3 yaks (Lair:1)
  A steam dragon (D:9)
  A warg (Orc:1)
  6 water moccasins
  An ice beast (D:11)
  2 black bears (D:9)
  4 orc warriors
  4 phantoms
  2 sky beasts
  A wolf (D:9)
  7 ogres
  9 centaurs
  8 big kobolds (D:10)
  8 bullfrogs
  A wyvern skeleton (D:9)
  A scorpion (D:9)
  A water moccasin skeleton (D:4)
  5 wights (D:9)
  An electric eel (Lair:1)
  3 howler monkeys
  A crimson imp (D:4)
  2 jellies
  2 hounds (D:8)
  2 orc priests
  Crazy Yiuf (D:7)
  3 iguanas
  2 bullfrog skeletons
  A centaur skeleton (D:9)
  5 orc wizards
  3 hell rats (D:8)
  6 worker ants
  2 worker ant zombies
  3 gnolls (D:9)
  4 river rats (D:8)
  5 adders
  2 shadow imps
  A white imp (D:5)
  An ufetubus (D:8)
  2 oozes
  3 adder skeletons
  3 worms
  2 dart slugs
  4 leopard geckos
  21 orcs
  A ball python (D:4)
  7 giant cockroaches
  10 goblins
  5 hobgoblins
  2 jackals (D:5)
  5 quokkas
  11 bats
  9 frilled lizards
  A jackal skeleton (D:5)
  7 kobolds
  A quokka skeleton (D:6)
  A quokka zombie (D:9)
  22 rats
251 creatures vanquished.

Vanquished Creatures (collateral kills)
  A centaur zombie (D:8)
  A jackal (D:9)
2 creatures vanquished.

Vanquished Creatures (others)
  An unseen horror (D:11)
  11 fungi
  27 plants
39 creatures vanquished.

Grand Total: 292 creatures vanquished

Notes
Turn   | Place    | Note
-------+----------+-------------------------------------------
     0 | D:1      | Araneus the Troll Monk began the quest for the Orb.
     0 | D:1      | Reached XP level 1. HP: 22/22 MP: 0/0
    50 | D:1      | Reached XP level 2. HP: 29/29 MP: 1/1
   180 | D:1      | Reached skill level 4 in Unarmed Combat
   296 | D:1      | Reached XP level 3. HP: 36/36 MP: 2/2
   993 | D:2      | Reached XP level 4. HP: 44/44 MP: 3/3
  1065 | D:2      | Reached skill level 5 in Unarmed Combat
  1984 | D:4      | Reached XP level 5. HP: 11/50 MP: 4/4
  2225 | D:4      | Reached skill level 6 in Unarmed Combat
  2325 | D:4      | Found Zucull's Magic Scroll Emporium.
  2487 | D:4      | Found a burning altar of Makhleb.
  2488 | D:4      | Found a shimmering altar of Xom.
  2495 | D:4      | Reached XP level 6. HP: 59/59 MP: 5/5
  2528 | D:4      | You fall into a shaft and drop 2 floors!
  2542 | D:5      | Entered Level 5 of the Dungeon
  2577 | D:5      | Reached skill level 7 in Unarmed Combat
  3045 | D:5      | Noticed a sky beast
  3076 | D:5      | Killed a sky beast
  3077 | D:5      | Reached skill level 8 in Unarmed Combat
  3077 | D:5      | Reached XP level 7. HP: 22/66 MP: 6/6
  3708 | D:6      | Found a staircase to the Ecumenical Temple.
  3716 | D:6      | Reached skill level 9 in Unarmed Combat
  3773 | Temple   | Entered the Ecumenical Temple
  4001 | D:6      | Found a radiant altar of Vehumet.
  4065 | D:6      | Reached XP level 8. HP: 49/74 MP: 7/7
  4203 | D:6      | Found an ornate altar of the Wu Jian Council.
  4303 | D:6      | Found an ancient bone altar of Kikubaaqudgha.
  4310 | D:6      | Found a basalt altar of Yredelemnul.
  4315 | D:6      | Found a bloodstained altar of Trog.
  4768 | D:7      | Reached skill level 10 in Unarmed Combat
  4933 | D:7      | Found a runed translucent door.
  4934 | D:7      | Noticed Crazy Yiuf
  5301 | D:7      | Killed Crazy Yiuf
  5565 | D:8      | Found the +2 ratskin cloak {*Rats rPois rN+ Str-1 Int-1
                  | Dex+1}
  5944 | D:8      | Noticed Harold
  5958 | D:8      | Killed Harold
  5959 | D:8      | Reached skill level 11 in Unarmed Combat
  5959 | D:8      | Reached XP level 9. HP: 55/81 MP: 8/8
  6268 | D:9      | Reached skill level 12 in Unarmed Combat
  6433 | D:9      | Noticed a troll
  6532 | D:9      | Killed a troll
  6674 | D:9      | Reached skill level 13 in Unarmed Combat
  6733 | D:9      | Reached XP level 10. HP: 89/91 MP: 9/9
  6735 | D:9      | Found a sparkling altar of Nemelex Xobeh.
  6784 | D:9      | Found a staircase to the Lair.
  6803 | D:9      | Reached skill level 5 in Dodging
  7085 | D:9      | Reached skill level 1 in Armour
  7255 | D:9      | Found a sacrificial altar of Ru.
  7333 | Lair:1   | Entered Level 1 of the Lair of Beasts
  7336 | Lair:1   | Noticed a cane toad
  7404 | Lair:1   | Noticed a cane toad
  7414 | Lair:1   | Killed a cane toad
  7459 | Lair:1   | Reached skill level 14 in Unarmed Combat
  7502 | Lair:1   | Noticed a black mamba
  7503 | Lair:1   | Noticed a cane toad
  7506 | Lair:1   | Killed a black mamba
  7515 | Lair:1   | Killed a cane toad
  7741 | Lair:1   | Reached XP level 11. HP: 94/98 MP: 10/10
  7800 | Lair:1   | Noticed an eight-headed hydra
  7806 | Lair:1   | HP: 1/98 [ten-headed hydra (8)]
  7928 | D:10     | Entered Level 10 of the Dungeon
  7991 | D:10     | Found Ruiledal's Magic Scroll Boutique.
  7999 | D:10     | Bought 2 scrolls of enchant armour for 210 gold pieces
  8459 | D:10     | Found a staircase to the Orcish Mines.
  8868 | Orc:1    | Entered Level 1 of the Orcish Mines
  8881 | Orc:1    | Reached skill level 15 in Unarmed Combat
  8925 | Orc:1    | Noticed an orc knight
  9002 | D:11     | Killed an unseen horror
  9006 | D:11     | Noticed a green ugly thing
  9007 | D:11     | Noticed a two-headed ogre
  9009 | D:11     | Slain by a two-headed ogre

Illustrated notes

Levels and vault maps discovered:
D:1:      saegor_arrival_miasma, layout_rooms, serial_glass, glass_columns_a,
          glass_columns_a, item_on_display_b, due_unseen_surprise,
          feat_on_display, minmay_indecisive_spiral
D:2:      minmay_spotlight, layout_loops_ring, minmay_misc_feat_ornament
D:3:      layout_rooms, roderic_serpentine_path, serial_bayou_lake_a
D:4:      layout_cave_pods, grunt_temple_overflow_champion_of_chaos,
          serial_shops, shop_statue
D:5:      layout_basic, minmay_manual_mail
D:6:      layout_rooms, lemuel_doored_altar, grunt_temple_overflow_diamond,
          overflow_temple_1_default, minmay_temple_entry_drinking_statues
D:7:      layout_loops_cross, uniq_crazy_yiuf_cottage
D:8:      wander_guarded_unrand_ratskin, layout_basic, uniq_harold
D:9:      layout_long_grid, general_overflow_altar, minmay_lair_entry_grove,
          nicolae_ru_path_of_blood
D:10:     layout_basic, orc_0_dummy, serial_shops, shop, special_room
          [special_room_kobold]
D:11:     layout_cave_pools, enter_bailey_5
Temple:   nicolae_temple_great_sept
Lair:1:   layout_regular_city, ebering_ghost_reflecting_pool,
          serial_bayou_shore_a, grunt_megastairs_1
Orc:1:    layout_caves

Skill      XL: |  1  2  3  4  5  6  7  8  9 10 11 |
---------------+----------------------------------+-----
Unarmed Combat | 4 5 6 8 9 11 13 14 15 | 15.1
Dodging        | 3 4 5 6 |  6.1
Fighting       | 3 4 |  4.2
Armour         | 3 |  3.6
Stealth        | |  1.0

Action                   |  1- 3 |  4- 6 |  7- 9 | 10-12 || total
-------------------------+-------+-------+-------+-------++-------
Melee: Unarmed           |    98 |   155 |   264 |   272 ||   789
       Punch             |       |     3 |    14 |    21 ||    38
  Use: Scroll            |       |    13 |     2 |    17 ||    32
       Potion            |       |     2 |     2 |     6 ||    10
 Stab: Sleeping          |     2 |     3 |     3 |     2 ||    10
Armor: Robe              |    46 |    60 |    58 |       ||   164
       Troll leather arm |       |       |     1 |   121 ||   122
Dodge: Dodged            |    45 |    70 |   102 |   154 ||   371
